 Dungeon Crawl Stone Soup version 0.21-a0-434-g806c6c2 (webtiles) character file.

4644 Laiders the Basher (level 10, -45/84 HPs)
             Began as a Minotaur Berserker on Nov 8, 2017.
             Was a High Priest of Trog.
             Killed by the air
             ... invoked by Gastronok
              (48 damage)
             ... on level 8 of the Dungeon.
             The game lasted 00:26:10 (7925 turns).

Laiders the Basher (Minotaur Berserker)             Turns: 7925, Time: 00:26:10

Health: -45/84     AC: 13    Str: 28    XL:     10   Next: 20%
Magic:  9/9        EV: 11    Int:  4    God:    Trog [*****.]
Gold:   243        SH:  0    Dex: 10    Spells: 9/9 levels left

rFire    . . .     SeeInvis .   r - +8 longbow "Cafufyl" {velocity, Str+3}
rCold    . . .     Gourm    .   (shield currently unavailable)
rNeg     . . .     Faith    .   k - +2 chain mail
rPois    .         Spirit   .   (helmet restricted)
rElec    .         Reflect  .   u - +0 cloak
rCorr    .         Harm     .   (no gloves)
MR       .....                  (no boots)
Stlth    ..........             (no amulet)
HPRegen  0.24/turn              (no ring)
MPRegen  0.11/turn              (no ring)

@: flying
A: retaliatory headbutt, horns 2
a: Berserk, Trog's Hand, Brothers in Arms, Burn Spellbooks, Renounce Religion


You were on level 8 of the Dungeon.
You worshipped Trog.
Trog was extremely pleased with you.
You were hungry.

You visited 1 branch of the dungeon, and saw 8 of its levels.

You collected 495 gold pieces.
You spent 252 gold pieces at shops.

Inventory:

Hand Weapons
 m - a +2 flail
 r - the +8 longbow "Cafufyl" (weapon) {velocity, Str+3}
   (You found it on level 4 of the Dungeon)

   Any arrow fired from it inflicts extra damage.
   It affects your strength (+3).
Missiles
 o - 6 tomahawks
 s - 80 arrows (quivered)
Armour
 k - a +2 chain mail (worn)
 u - a +0 cloak (worn)
Wands
 a - a wand of confusion (30/48)
 y - a wand of scattershot (7/9)
 A - a wand of iceblast (11/15)
Scrolls
 b - a scroll of recharging
 d - 2 scrolls of identify
 e - 2 scrolls of enchant armour
 f - 2 scrolls of noise {unknown}
 h - 5 scrolls of remove curse
 j - a scroll of fear
 l - 2 scrolls of immolation {unknown}
 p - 3 scrolls of teleportation
 q - 3 scrolls of magic mapping
 t - a scroll of fog
 v - a scroll of amnesia {unknown}
 z - a scroll of enchant weapon
Potions
 g - 4 potions of curing
 n - 3 potions of brilliance
 w - a potion of mutation {unknown}
 x - 2 potions of might
Comestibles
 c - 2 bread rations


   Skills:
 * Level 6.7 Fighting
 - Level 14.1 Maces & Flails
 + Level 3.4 Bows
 * Level 6.1 Armour
 * Level 5.5 Dodging


You had 9 spell levels left.
You didn't know any spells.

Dungeon Overview and Level Annotations

Branches:
Dungeon (8/15)             Temple (0/1) D:5
   Lair: D:8-11

Altars:
Elyvilon
Xom

Shops:
D:4 ?   D:7 ==

Annotations:
D:8 Gastronok


Innate Abilities, Weirdness & Mutations

You reflexively headbutt those who attack you in melee.
You have a pair of horns on your head.


Message History

Your +0 cloak melds into your body.
Your +2 chain mail melds into your body.
Your roots penetrate the ground.
Gastronok's eyestalks quiver as he mumbles some strange words.
Press: ? - help, v - describe, . - travel
Here: Gastronok, wearing a runed hat (severely wounded, covering ground quickly)
The floor.
It was a potion of cancellation.
Your magical effects are unravelling.
You feel magically purged.
You feel less wooden.
Your +0 cloak unmelds from your body.
Your +2 chain mail unmelds from your body.
It was a potion of flight.
You feel very buoyant.
You fly up into the air.
Gastronok waves his eye-stalks in wide circles.
The air twists around and violently strikes you in flight!
Ouch! That really hurt!
You die...

###.##..[.# #......###.# ####
...##.##.######..##.....)###...
#..........##..####.##......##
##...#.###...w#####.##....####
#.#.#................[.......
##.#†.......#r####.##.......##
##...#######.#...........###..#
#..#..# #.......####..# ##..
##.###.# ##.@<...# ##..######
##..# ## ####...#####
#...)..### #..## ##....#....##
#.####.... ..##
#####..#######..###.# #####
..####.....## ##.....# #
.[##...##### ###...# .....###
#...# ..#### ##### ..#


You could see Gastronok and a rat.

Vanquished Creatures
  Erica (D:8)
  Pikel (D:5)
  Grinder (D:3)
  A hippogriff (D:8)
  Sigmund (D:5)
  The ghost of Tux the Magician, an amateur DEVM (D:4)
  Menkaure (D:5)
  An orc warrior (D:6)
  A sky beast (D:8)
  2 phantoms
  A necrophage (D:8)
  2 ogres
  3 centaurs
  2 big kobolds (D:8)
  4 bullfrogs
  The ghost of AsandaNima the Ruffian, a weakling TrMo (D:3)
  6 killer bees (D:6)
  2 scorpions (D:7)
  A crimson imp (D:5)
  A jelly (D:5)
  5 hounds
  5 orc priests
  A gnoll shaman (D:4)
  A centaur skeleton (D:6)
  Ijyb (D:5)
  2 iguanas
  Natasha (thrice) (D:3)
  6 orc wizards
  4 worker ants
  2 hound skeletons
  A worker ant zombie (D:7)
  4 gnolls (D:4)
  7 adders
  An adder skeleton (D:4)
  4 worms
  2 dart slugs
  8 leopard geckos
  28 orcs
  8 giant cockroaches
  10 goblins
  7 hobgoblins
  14 jackals
  14 kobolds
  3 quokkas
  2 ball pythons
  2 bats (D:1)
  7 frilled lizards
  6 rats
  A plant (D:3)
193 creatures vanquished.

Vanquished Creatures (others)
  The ghost of Tux the Magician, a novice DEVM (D:5)
  A slave (D:5)
  2 howler monkeys (D:5)
  A leopard gecko (D:5)
  A giant cockroach (D:5)
6 creatures vanquished.

Grand Total: 199 creatures vanquished

Notes
Turn   | Place    | Note
-------+----------+-------------------------------------------
     0 | D:1      | Laiders the Minotaur Berserker began the quest for the Orb.
     0 | D:1      | Reached XP level 1. HP: 19/19 MP: 0/0
   113 | D:1      | Reached skill level 4 in Maces & Flails
   134 | D:1      | Reached XP level 2. HP: 20/26 MP: 1/1
   651 | D:2      | Reached skill level 5 in Maces & Flails
   657 | D:2      | Reached XP level 3. HP: 23/31 MP: 2/2
  1012 | D:2      | Reached ** piety under Trog
  1280 | D:2      | Reached skill level 6 in Maces & Flails
  1280 | D:2      | Reached XP level 4. HP: 39/39 MP: 3/3
  1652 | D:3      | Noticed AsandaNima's ghost (weakling TrMo)
  1659 | D:3      | Killed AsandaNima's ghost
  1659 | D:3      | Reached XP level 5. HP: 45/45 MP: 4/4
  1800 | D:3      | Reached skill level 7 in Maces & Flails
  2102 | D:3      | Noticed Natasha
  2120 | D:3      | Killed Natasha
  2290 | D:3      | Noticed Grinder
  2314 | D:3      | Killed Grinder
  2314 | D:3      | Reached skill level 9 in Maces & Flails
  2314 | D:3      | Reached XP level 6. HP: 27/51 MP: 5/5
  2666 | D:3      | Noticed Natasha
  2682 | D:3      | Killed Natasha
  2898 | D:3      | Noticed Natasha
  2906 | D:3      | Killed Natasha
  2960 | D:4      | Reached XP level 7. HP: 28/57 MP: 6/6
  3160 | D:4      | Reached skill level 10 in Maces & Flails
  3243 | D:4      | Reached *** piety under Trog
  3442 | D:4      | Reached skill level 11 in Maces & Flails
  3675 | D:4      | Found Ciamiy Yquat's Magic Scroll Shoppe.
  3681 | D:4      | Bought a scroll of teleportation for 33 gold pieces
  3681 | D:4      | Bought a scroll of remove curse for 33 gold pieces
  3681 | D:4      | Bought a scroll of enchant armour for 82 gold pieces
  3681 | D:4      | Bought a scroll of torment for 82 gold pieces
  3681 | D:4      | Bought a scroll of fog for 22 gold pieces
  3857 | D:4      | Reached XP level 8. HP: 64/64 MP: 7/7
  3998 | D:4      | Noticed Tux's ghost (amateur DEVM)
  4008 | D:4      | Killed Tux's ghost
  4018 | D:4      | Got a blackened longbow
  4024 | D:4      | Identified the +8 longbow "Cafufyl" {velocity, Str+3} (You found it on level 4 of the Dungeon)
  4265 | D:5      | Entered Level 5 of the Dungeon
  4292 | D:5      | Noticed Pikel
  4312 | D:5      | Killed Pikel
  4312 | D:5      | Reached skill level 13 in Maces & Flails
  4313 | D:5      | Found a shimmering altar of Xom.
  4346 | D:5      | Noticed Sigmund
  4352 | D:5      | Killed Sigmund
  4514 | D:5      | Reached XP level 9. HP: 51/70 MP: 8/8
  4768 | D:5      | Noticed Ijyb
  4775 | D:5      | Killed Ijyb
  4792 | D:5      | Killed Tux's ghost
  4928 | D:5      | Found a staircase to the Ecumenical Temple.
  5094 | D:5      | Noticed Menkaure
  5100 | D:5      | Killed Menkaure
  5100 | D:5      | Reached skill level 14 in Maces & Flails
  5580 | D:6      | Reached skill level 1 in Bows
  5617 | D:6      | Reached **** piety under Trog
  6612 | D:7      | Reached skill level 5 in Fighting
  6669 | D:7      | Found Hywid's Jewellery Emporium.
  7096 | D:7      | Found Ypitrau's Jewellery Emporium.
  7099 | D:7      | Found a white marble altar of Elyvilon.
  7353 | D:7      | Reached skill level 5 in Armour
  7734 | D:8      | Noticed Erica
  7757 | D:8      | Killed Erica
  7757 | D:8      | Reached skill level 5 in Dodging
  7757 | D:8      | Reached XP level 10. HP: 84/84 MP: 9/9
  7811 | D:8      | Reached ***** piety under Trog
  7892 | D:8      | Noticed Gastronok
  7918 | D:8      | HP: 2/84 [Gastronok/the air (42)]
  7925 | D:8      | Killed from afar by Gastronok

Vault maps used:
D:1:      roderic_chinese_lattice_arrival
D:2:      roderic_serpentine_path, minivault_23
D:3:      cheibrodos_old_hovel, uniq_natasha, uniq_grinder
D:4:      first_bread, serial_shops, kennysheep_mini_moat, kennysheep_diamond,
          minivault_5
D:5:      lemuel_temple_firewalk_b, basic_altar, uniq_ijyb, uniq_menkaure,
          uniq_pikel, uniq_sigmund
D:7:      elyvilon_altar_4, serial_shops, shop, kennysheep_windowed_goal
D:8:      hangedman_ranch, uniq_gastronok, uniq_erica

Skill      XL: |  1  2  3  4  5  6  7  8  9 10 |
---------------+-------------------------------+-----
Maces & Flails | 4 5 6 9 11 13 14 | 14.1
Fighting       | 6 |  6.7
Armour         | 5 6 |  6.1
Bows           | 3 |  3.4
Dodging        | 5 |  5.5

Action                   |  1- 3 |  4- 6 |  7- 9 | 10-12 || total
-------------------------+-------+-------+-------+-------++-------
Melee: Mace              |    74 |   121 |    30 |       ||   225
       Headbutt          |     8 |    21 |    48 |     2 ||    79
       Flail             |       |       |   273 |    22 ||   295
 Fire: Longbow           |       |       |    56 |    11 ||    67
Invok: Berserk           |       |     2 |     4 |       ||     6
       Trog's Hand       |       |     1 |     3 |       ||     4
       Burn Spellbooks   |       |       |     2 |       ||     2
  Use: Scroll            |       |     2 |     8 |       ||    10
       Potion            |       |     2 |     1 |     3 ||     6
  Eat: Chunk             |     1 |     1 |    17 |     1 ||    20
       Meat ration       |       |     1 |       |       ||     1
       Royal jelly       |       |     1 |     1 |       ||     2
Armor: Scale mail        |    26 |       |       |       ||    26
       Chain mail        |    17 |    60 |   148 |    18 ||   243
Dodge: Dodged            |    46 |    49 |   118 |    18 ||   231

Table legend:
 A = Spawn XP
 B = Non-spawn XP
 C = Spawn XP percentage of total XP
 D = Spawn monster count
 E = Non-spawn monster count
 F = Spawn count percentage of total count
 G = Total turns spent on level
                    A         B        C        D         E        F      G
               +---------+---------+-------+---------+---------+-------+---------
         Total |       0 |    6635 |   0.0 |       0 |     192 |   0.0 |  7925
               +---------+---------+-------+---------+---------+-------+---------
           D:1 |       0 |      31 |   0.0 |       0 |      18 |   0.0 |   630
           D:2 |       0 |      83 |   0.0 |       0 |      23 |   0.0 |  1013
           D:3 |       0 |     575 |   0.0 |       0 |      29 |   0.0 |  1297
           D:4 |       0 |     976 |   0.0 |       0 |      40 |   0.0 |  1325
           D:5 |       0 |    1439 |   0.0 |       0 |      18 |   0.0 |  1086
           D:6 |       0 |     792 |   0.0 |       0 |      16 |   0.0 |  1097
           D:7 |       0 |     988 |   0.0 |       0 |      32 |   0.0 |  1139
           D:8 |       0 |    1751 |   0.0 |       0 |      16 |   0.0 |   338
               +---------+---------+-------+---------+---------+-------+---------
